 Dungeon Crawl Stone Soup version 0.29-a0-506-ga2e7fffb44 (webtiles) character file.

Game seed: 4225828673784420855

254 dolemite99 the Digger (level 6, -4/32 HPs)
             Began as a Gargoyle Earth Elementalist on May 29, 2022.
             Was an Initiate of Fedhas.
             Shot with an arrow by a centaur (12 damage)
             ... on level 5 of the Dungeon.
             The game lasted 00:03:53 (3874 turns).

dolemite99 the Digger (Gargoyle Earth Elementalist) Turns: 3874, Time: 00:03:53

Health: -4/32      AC:  6    Str: 11    XL:     6   Next: 14%
Magic:  7/9        EV: 11    Int: 18    God:    Fedhas [......]
Gold:   188        SH:  0    Dex: 10    Spells: 5/9 levels left

rFire   . . .      SeeInvis .   a - staff of cold
rCold   + . .      Faith    .   (no shield)
rNeg    + . .      Spirit   .   b - +0 robe
rPois   ∞          Reflect  .   (no helmet)
rElec   +          Harm     .   (no cloak)
rCorr   .          Rampage  .   (no gloves)
Will    .....                   (no boots)
Stlth   ++........              (no amulet)
HPRegen 0.10/turn               (no ring)
MPRegen 0.11/turn               (no ring)

@: no status effects
A: sickness immunity, AC +4, negative energy resistance 1, electricity
resistance, torment resistance 1, petrification resistance
a: Renounce Religion


You were on level 5 of the Dungeon.
You worshipped Fedhas.
Fedhas was noncommittal.
You visited 1 branch of the dungeon, and saw 5 of its levels.

You collected 188 gold pieces.

Inventory:

Hand Weapons
 n - the +3 dagger of Action {protect, rN++ Dex+3}
   (You found it on level 3 of the Dungeon)

   It grants its wielder temporary protection when it strikes (+7 to AC).
   Dex:       It affects your dexterity (+3).
   rN:        It greatly protects you from negative energy.
Missiles
 l - 2 stones
Armour
 b - a +0 robe (worn)
 j - a +0 chain mail
Magical Staves
 a - a staff of cold (weapon)
 o - a staff of air
Scrolls
 d - 2 scrolls of enchant weapon {unknown}
 e - a scroll of fog {unknown}
 h - 2 scrolls of noise {unknown}
 i - a scroll of magic mapping {unknown}
 m - a scroll of vulnerability
 p - a scroll of identify {unknown}
 q - a scroll of blinking {unknown}
Potions
 c - 2 potions of magic
 f - a potion of ambrosia {unknown}
 g - a potion of berserk rage {unknown}
 k - a potion of lignification {unknown}


   Skills:
 - Level 1.5 Dodging
 - Level 2.1 Stealth
 - Level 2.0 Spellcasting
 + Level 4.3 Conjurations
 - Level 0.7 Transmutations
 - Level 6.2 Earth Magic


You had 5 spell levels left.
You knew the following spells:

 Your Spells              Type           Power      Damage    Failure   Level
a - Sandblast             Erth           48%        2d12      1%          1
b - Stone Arrow           Conj/Erth      40%        3d9       6%          3

Your spell library contained the following spells:

 Spells                   Type           Power      Damage    Failure   Level
 Passwall                 Tmut/Erth      11%        N/A       6%          2
 Petrify                  Tmut/Erth      14%        N/A       38%         4


Dungeon Overview and Level Annotations

Branches:
Dungeon (5/15)
 Temple: D:4-7

Altars:
Ashenzari
Elyvilon
Fedhas
Sif Muna

Annotations:
D:2 Terence


Innate Abilities, Weirdness & Mutations

You are immune to sickness and miasma.
Your stone body is resilient. (AC +4)
You are immune to poison.
You resist negative energy. (rN+)
You are resistant to electric shocks. (rElec)
You are resistant to unholy torment.
You are immune to petrification.


Message History

Aim: a jackal (wandering, hasn't noticed you, 76% to hit)
The blast of sand hits the jackal!
You kill the jackal!
Fedhas appreciates your contribution to the ecosystem.
There is a stone staircase leading down here.
You climb downwards.
There is a stone staircase leading up here.
You start resting.
Magic restored.
You see here a +0 club.
A centaur comes into view.
A centaur is nearby!
The centaur shouts!
The centaur wields a +0 shortbow.
The centaur shoots an arrow.
The arrow hits you.
The centaur shoots an arrow.
The arrow hits you.
The centaur shoots an arrow.
The arrow hits you!
The centaur shoots an arrow.
The arrow hits you.
The centaur shoots an arrow.
The arrow hits you!
* * * LOW HITPOINT WARNING * * *
The centaur shoots an arrow.
The arrow hits you.
* * * LOW HITPOINT WARNING * * *
Casting: Sandblast (safe; 1% risk of failure)
Confirm with . or Enter, or press ? or * to list all spells.
Aiming: Sandblast (safe; 1% risk of failure)
Press: ? - help, Shift-Dir - straight line, f - centaur
Aim: a centaur, wielding a +0 shortbow (88% to hit)
The blast of sand hits the centaur!
The centaur is moderately wounded.
The centaur shoots an arrow.
The arrow misses you.
Casting: Sandblast (safe; 1% risk of failure)
Confirm with . or Enter, or press ? or * to list all spells.
Aiming: Sandblast (safe; 1% risk of failure)
Press: ? - help, Shift-Dir - straight line, f/p - centaur
Aim: a centaur, wielding a +0 shortbow (moderately wounded, 88% to hit)
The blast of sand hits the centaur.
The centaur is heavily wounded.
The centaur shoots an arrow.
The arrow hits you!
You die...
Fedhas appreciates your contribution to the ecosystem.

#.##...).# # #..
#.##.....######### .#.##
#.####............ #. # #.#
#)###......#. #. ## #.# #<#
#...........###.##.
######.####[###..................
#...................#.....###.##.
#.####.####.###.###.##.. #. ##
#.# #.# #.@..c.... ## # #.# #.#
#.##...... #.. #.....# .#### #..
###.### # #.. #. #. #


You could see a centaur.

Vanquished Creatures
  A hound (D:5)
  2 jellies (D:5)
  2 iguanas (D:5)
  An orc wizard (D:5)
  3 adders
  2 worms (D:2)
  3 dart slugs
  3 orcs
  5 ball pythons
  7 endoplasms
  3 giant cockroaches
  3 hobgoblins
  6 jackals
  2 bats
  A frilled lizard (D:3)
  4 goblins
  5 rats
53 creatures vanquished.

Vanquished Creatures (others)
  7 plants
7 creatures vanquished.

Grand Total: 60 creatures vanquished

Notes
Turn   | Place    | Note
-------+----------+-------------------------------------------
     0 | D:1      | dolemite99 the Gargoyle Earth Elementalist began the quest
                  | for the Orb.
     0 | D:1      | Reached XP level 1. HP: 10/10 MP: 3/3
    37 | D:1      | Reached skill level 4 in Earth Magic
   108 | D:1      | Reached XP level 2. HP: 15/15 MP: 0/5
   408 | D:1      | Found a faded altar of an unknown god.
   479 | D:1      | Prayed at the altar of an unknown god.
   479 | D:1      | Became a worshipper of Elyvilon the Healer
   479 | D:1      | Reached * piety under Elyvilon
   995 | D:2      | Noticed Terence
  1181 | D:2      | Reached skill level 5 in Earth Magic
  1181 | D:2      | Reached XP level 3. HP: 15/19 MP: 1/6
  1358 | D:2      | Reached ** piety under Elyvilon
  1861 | D:2      | Learned a level 3 spell: Stone Arrow
  1943 | D:3      | Identified the +3 dagger of Action {protect, rN++ Dex+3}
  2004 | D:3      | Reached skill level 1 in Conjurations
  2071 | D:3      | You fall into a shaft and drop 2 floors!
  2071 | D:5      | Entered Level 5 of the Dungeon
  2111 | D:5      | Found a shimmering blue altar of Sif Muna.
  2120 | D:5      | Reached XP level 4. HP: 10/24 MP: 2/7
  2430 | D:5      | Found a broken altar of Ashenzari.
  2445 | D:5      | Reached XP level 5. HP: 20/28 MP: 0/8
  2747 | D:5      | Reached *** piety under Elyvilon
  2778 | D:5      | Found a blossoming altar of Fedhas.
  2910 | D:5      | Fell from the grace of Elyvilon
  2910 | D:5      | Became a worshipper of Fedhas Madash
  3108 | D:5      | Reached skill level 6 in Earth Magic
  3110 | D:5      | Reached XP level 6. HP: 28/32 MP: 3/9
  3874 | D:5      | Shot with an arrow by a centaur

Illustrated notes

Levels and vault maps discovered:
D:1:      heliophobic_arrival_enchanted_forest, layout_rooms,
          ebering_ecumenical_altar_rust
D:2:      layout_basic, amcnicky_mini_rare_corridor_liquid, serial_bayou_ford_a,
          kennysheep_decorative_pillar, chequers_serial_rivers_micro_d,
          serial_bayou_pond_c, uniq_terence
D:3:      corexii_shack_village, layout_basic, grunt_nemelex_the_gamble,
          serial_glass, glass_columns_a, glass_columns_c, glass_columns_c,
          glass_columns_a, glass_columns_a, glass_columns_a
D:4:      layout_rooms, temple_green, kennysheep_generic_room_14
D:5:      layout_loops_ring, fedhas_altar_1, nicolae_sif_muna_condensation,
          tgw_kikubaaqudgha, lemuel_round_altar, evilmike_ruin_ashenzari

Skill      XL: |  1  2  3  4  5 |
---------------+----------------+-----
Earth Magic    | 4 5 6 |  6.2
Conjurations   | 2 3 4 |  4.3
Dodging        | |  1.5
Stealth        | |  2.1
Spellcasting   | |  2.0
Transmutations | |  0.7

Action                   |  1- 3 |  4- 6 || total
-------------------------+-------+-------++-------
Melee: Unarmed           |     2 |       ||     2
       Dagger            |     2 |    18 ||    20
 Cast: Sandblast         |    52 |    41 ||    93
  Use: Scroll            |     1 |     1 ||     2
Armor: Robe              |     9 |    25 ||    34
Dodge: Dodged            |    19 |    25 ||    44

Table legend: (Time is in decaauts)
 A = Elapsed time spent in this place.
 B = Non-inter-level travel time spent in this place.
 C = Inter-level travel time spent in this place.
 D = Time resting spent in this place.
 E = Time spent auto-exploring this place.
 F = Levels seen in this place.
 G = Mean time per level.
                   A        B        C        D        E       F      G
               +--------+--------+--------+--------+--------+-----+--------+
         Total |   3885 |   3825 |     60 |   2441 |    766 |   5 |  777.0 |
       Dungeon |   3885 |   3825 |     60 |   2441 |    766 |   5 |  777.0 |
               +--------+--------+--------+--------+--------+-----+--------+

Top non-repeatable levels by time:
     D:5: 1623 daAuts
     D:2: 1209 daAuts
     D:1: 703 daAuts
     D:4: 181 daAuts
     D:3: 168 daAuts
